 Dungeon Crawl Stone Soup version 0.23.2-30-g0e89c35649 (webtiles) character file.

Game seed: 9800459015867076917

172 troglodite the Grave Robber (level 5, -3/37 HPs)
             Began as a Vampire Necromancer on June 11, 2019.
             Killed from afar by an orc wizard (7 damage)
             ... with a magic dart
             ... on level 2 of the Dungeon.
             The game lasted 00:11:19 (3626 turns).

troglodite the Grave Robber (Vampire Necromancer)   Turns: 3626, Time: 00:11:20

Health: -3/37      AC:  0    Str:  7    XL:     5   Next: 27%
Magic:  1/9        EV: 21    Int: 19    God:
Gold:   162        SH:  0    Dex: 19    Spells: 1/9 levels left

rFire    . . .     SeeInvis +   (weapon currently unavailable)
rCold    + . .     Gourm    .   (shield currently unavailable)
rNeg     + + .     Faith    .   (armour currently unavailable)
rPois    +         Spirit   .   (helmet currently unavailable)
rElec    .         Reflect  .   (cloak currently unavailable)
rCorr    .         Harm     .   (gloves currently unavailable)
MR       .....                  (boots currently unavailable)
Stlth    +++++.....             (no amulet)
HPRegen  0.56/turn              (ring currently unavailable)
MPRegen  0.11/turn              (ring currently unavailable)

@: bat-form, flying, regenerating, very quick
A: tiny, fangs 3, see invisible
a: End Transformation


You were on level 2 of the Dungeon.
You were very thirsty.
You were in vampire-bat-form.
You visited 1 branch of the dungeon, and saw 3 of its levels.

You collected 162 gold pieces.

Inventory:

Hand Weapons
 g - a +0 dagger
 m - a +1 dagger of freezing
 q - a +2 dagger of venom (melded)
Armour
 a - a +0 robe (melded)
 f - a +0 pair of boots (melded)
 p - a +1 helmet (melded)
Jewellery
 b - a +2 ring of evasion (melded)
 r - a +3 ring of protection {unknown}
 v - a +1 ring of evasion
Scrolls
 d - 2 scrolls of fear {unknown}
 j - a scroll of noise {unknown}
 k - a scroll of enchant armour {unknown}
 l - a scroll of amnesia {unknown}
 n - a scroll of random uselessness {unknown}
 s - a scroll of teleportation {unknown}
 t - a scroll of identify
Potions
 c - 20 potions of blood
 e - a potion of haste {unknown}
 h - a potion of invisibility
 i - a potion of mutation
 o - 2 potions of flight {unknown}
 u - a potion of curing {unknown}
 w - a potion of lignification {unknown}


   Skills:
 * Level 1.0 Fighting
 * Level 1.9 Short Blades
 * Level 2.7 Dodging
 * Level 3.8 Stealth
 * Level 2.9 Spellcasting
 * Level 0.9 Charms
 * Level 5.4 Necromancy


You had one spell level left.
You knew the following spells:

 Your Spells              Type           Power        Failure   Level  Hunger
a - Pain                  Necr           ###.         1%          1    None
b - Regeneration          Chrm/Necr      ##........   12%         3    ###....
c - Animate Dead          Necr           N/A          16%         4    ####...

Your spell library contained the following spells:

 Spells                   Type           Power        Failure   Level  Hunger
 Animate Skeleton         Necr           N/A          1%          1    None
 Vampiric Draining        Necr           ###.......   4%          3    ###....


Dungeon Overview and Level Annotations

Branches:
Dungeon (3/15)

Altars:
Hepliaklqana
Okawaru
Yredelemnul


Innate Abilities, Weirdness & Mutations

You heal slowly.
You have razor-sharp teeth.
You have supernaturally acute eyesight. (SInv)
((You can survive without breathing.))


Message History

The magic dart hits you.
* * * LOW HITPOINT WARNING * * *
The orc wizard gestures at you while chanting.
The magic dart hits you.
* * * LOW HITPOINT WARNING * * *
There's nothing here to drain!
Okay, then.
You turn into a vampire bat.
Your +2 dagger of venom melds into your body.
Your +1 helmet melds into your body.
Your +0 pair of boots melds into your body.
Your +0 robe melds into your body.
Your +2 ring of evasion melds into your body.
Your +2 dagger of venom stops dripping with poison.
The orc wizard completely misses you.
The orc wizard casts a spell.
The orc wizard blinks!
The orc wizard gestures at you while chanting.
The magic dart hits you!
You die...

...!%....###.###.##.#####
#.###..#.##≈≈≈##...[....###
#..........≈.≈......###.#.##
#####.##.#.≈.≈##.o......^..## #
#.##.#.≈.≈#...#.###.....#####
#####..........§#...##.......[...
....<.##.#..###(....###.....##.#.
#####............#..# #....###÷#.
####.##.##.#b#..###.#.## #.#. ##
#.##.##......##....# #.#. .#
#.##.##..#..##.....## #... .#
#.##............%...# #..#
.#######.#####..#..##......###.##
.........# #..#..##...........#
########## #..#..##......####..
#####......<......# ###
#............##..##


You could see an orc wizard.

Vanquished Creatures
  An orc priest (D:3)
  Terence (D:2)
  Robin (D:2)
  An adder (D:2)
  6 worms
  3 orcs (D:3)
  A ball python (D:2)
  4 giant cockroaches
  2 gnoll zombies (D:2)
  8 hobgoblins
  7 jackals
  5 kobolds
  A quokka (D:2)
  6 bats
  4 frilled lizards
  18 goblins
  7 rats
76 creatures vanquished.

Notes
Turn   | Place    | Note
-------+----------+-------------------------------------------
     0 | D:1      | troglodite the Vampire Necromancer began the quest for the
                  | Orb.
     0 | D:1      | Reached XP level 1. HP: 13/13 MP: 3/3
    18 | D:1      | You fall through a shaft!
   351 | D:1      | Reached XP level 2. HP: 14/19 MP: 0/5
  1293 | D:2      | Reached skill level 5 in Necromancy
  1298 | D:2      | Reached XP level 3. HP: 21/24 MP: 3/6
  1647 | D:2      | Found an iron altar of Okawaru.
  1771 | D:2      | Learned a level 3 spell: Regeneration
  2208 | D:2      | Noticed Terence
  2214 | D:2      | Killed Terence
  2214 | D:2      | Reached skill level 1 in Short Blades
  2214 | D:2      | Reached XP level 4. HP: 26/31 MP: 1/7
  2225 | D:2      | Learned a level 4 spell: Animate Dead
  2415 | D:2      | Noticed Robin
  2612 | D:2      | Killed Robin
  2719 | D:2      | Found a basalt altar of Yredelemnul.
  3225 | D:3      | Found a hazy altar of Hepliaklqana.
  3269 | D:3      | Reached XP level 5. HP: 24/36 MP: 1/9
  3604 | D:3      | Reached skill level 1 in Fighting
  3626 | D:2      | Killed from afar by an orc wizard

Skill      XL: |  1  2  3  4  5 |
---------------+----------------+-----
Necromancy     | 5 |  5.4
Short Blades   | 1 |  1.9
Fighting       | 1 |  1.0
Dodging        | |  2.7
Stealth        | |  3.8
Spellcasting   | |  2.9
Charms         | |  0.9

Action                   |  1- 3 |  4- 6 || total
-------------------------+-------+-------++-------
Melee: Unarmed           |    11 |       ||    11
       Bite              |    10 |     7 ||    17
       Dagger            |    95 |   108 ||   203
 Cast: Pain              |    40 |    39 ||    79
       Regeneration      |       |     1 ||     1
 Abil: Bat Form          |       |     1 ||     1
  Use: Potion            |     3 |     3 ||     6
       Scroll            |     3 |       ||     3
 Stab: Sleeping          |     3 |     3 ||     6
Armor: Robe              |    17 |    19 ||    36
Dodge: Dodged            |    90 |    80 ||   170
